TOP OF THE 1ST |
San Diego Padres batting - Pitching for Arizona Diamondbacks : LHP Murphy Quirk
|
Pitching: LHP Murphy Quirk
|
|
Batting: LHB Per Meulengracht
|
0-0: Called Strike 0-1: Ball 1-1: Ball 2-1: Ball 3-1: Base on Balls
|
Batting: SHB Jerry Luckwell
|
0-0: Ball 1-0: Foul Ball, location: 2F 1-1: Called Strike 1-2: Reached on error, E4 (Groundball, 4, EV 77.5 MPH) Per Meulengracht to second
|
Batting: RHB Chiel Palstermans
|
0-0: Called Strike 0-1: Swinging Strike 0-2: Strikes out swinging
|
Batting: LHB Mike Holt
|
0-0: Foul Ball, location: 2F 0-1: Swinging Strike 0-2: Foul Ball, location: 2F 0-2: Strikes out swinging
|
Batting: RHB Kevin Howard
|
0-0: Fielders Choice at 2nd, 6-4 (Groundball, 6, EV 86.9 MPH)
|
Top of the 1st over - 0 runs, 0 hits, 1 error, 2 left on base; San Diego 0 - Arizona 0 |
BOTTOM OF THE 1ST |
Arizona Diamondbacks batting - Pitching for San Diego Padres : RHP Adam Thompson
|
Pitching: RHP Adam Thompson
|
|
Batting: RHB Katilimomi Kelekolio
|
0-0: SINGLE (Groundball, 4MD, EV 104.4 MPH)
|
Batting: LHB Roy Steigerwald
|
0-0: Called Strike 0-1: SINGLE (Line Drive, 78S, EV 112.5 MPH) Katilimomi Kelekolio to second
|
Batting: RHB David Price Jr.
|
0-0: Ball 1-0: TRIPLE (Flyball, 78XD, EV 100.0 MPH) Katilimomi Kelekolio scores Roy Steigerwald scores
|
Batting: SHB Alec Thorpe
|
0-0: Fly out, F7 (Flyball, 7LM, EV 97.5 MPH) Runner from 3rd tags up, SCORES, throw by LF
|
Batting: LHB Eric Klasek
|
0-0: Called Strike 0-1: Ball 1-1: Ball 2-1: Fly out, F5 (Popup, 5L, EV 78.1 MPH)
|
Batting: SHB Perry Tuckfard
|
0-0: Ball 1-0: Ball 2-0: Ball 3-0: Called Strike 3-1: DOUBLE (Line Drive, 5D, EV 108.1 MPH)
|
Batting: LHB Jeff Densmore
|
0-0: TRIPLE (Line Drive, 78XD, EV 104.4 MPH) Perry Tuckfard scores
|
Batting: SHB Andrew Wray II
|
0-0: Foul Ball, location: 2F 0-1: Swinging Strike 0-2: Fly out, F6 (Popup, 6, EV 66.2 MPH)
|
Bottom of the 1st over - 4 runs, 5 hits, 0 errors, 1 left on base; San Diego 0 - Arizona 4 |
TOP OF THE 2ND |
San Diego Padres batting - Pitching for Arizona Diamondbacks : LHP Murphy Quirk
|
Batting: LHB Ryan Flynn Jr.
|
0-0: Called Strike 0-1: SINGLE (Flyball, 4D, EV 85.6 MPH)
|
Batting: RHB Jorge Severiano
|
0-0: Ball 1-0: Called Strike 1-1: Ball 2-1: Grounds into double play, 6-4-3 (Groundball, 6, EV 82.5 MPH)
|
Batting: RHB Carlos Reyes
|
0-0: Ball 1-0: Ball 2-0: Ball 3-0: Base on Balls
|
Batting: RHB Alois Wollf
|
0-0: Called Strike 0-1: Ball 1-1: Ball 2-1: Ball 3-1: Foul Ball, location: 2F 3-2: Fly out, F7 (Flyball, 78M, EV 72.5 MPH)
|
Top of the 2nd over - 0 runs, 1 hit, 0 errors, 1 left on base; San Diego 0 - Arizona 4 |
BOTTOM OF THE 2ND |
Arizona Diamondbacks batting - Pitching for San Diego Padres : RHP Adam Thompson
|
Batting: SHB Aldo Questi
|
0-0: Ball 1-0: Ground out 3-1 (Groundball, 34, EV 86.9 MPH)
|
Batting: RHB Katilimomi Kelekolio
|
0-0: Ground out 2-3 (Groundball, 15S, EV 67.5 MPH)
|
Batting: LHB Roy Steigerwald
|
0-0: Called Strike 0-1: Ball 1-1: Foul Ball, location: 2F 1-2: Foul Ball, location: 2F 1-2: Ball 2-2: Foul Ball, location: 2F 2-2: Foul Ball, location: 2F 2-2: Ball 3-2: Base on Balls
|
Batting: RHB David Price Jr.
|
0-0: Called Strike 0-1: Ball 1-1: Foul Ball, location: 2F 1-2: Fly out, F9 (Flyball, 9, EV 83.8 MPH)
|
Bottom of the 2nd over - 0 runs, 0 hits, 0 errors, 1 left on base; San Diego 0 - Arizona 4 |
TOP OF THE 3RD |
San Diego Padres batting - Pitching for Arizona Diamondbacks : LHP Murphy Quirk
|
Batting: LHB Per Meulengracht
|
0-0: Foul Ball, location: 2F 0-1: Swinging Strike 0-2: Ball 1-2: Ball 2-2: Ball 3-2: Foul Ball, location: 2F 3-2: Foul Ball, location: 2F 3-2: SINGLE (Groundball, 34D, EV 95.6 MPH)
|
Batting: SHB Jerry Luckwell
|
0-0: Ball 1-0: Foul Ball, location: 2F 1-1: Foul Ball, location: 2F 1-2: Ball 2-2: Ball 3-2: Strikes out looking
|
Batting: RHB Chiel Palstermans
|
0-0: Ball 1-0: Fly out, F8 (Flyball, 8LD, EV 80.6 MPH)
|
Batting: LHB Mike Holt
|
0-0: Called Strike 0-1: Ball 1-1: Ball 2-1: SINGLE (Line Drive, 78S, EV 100.6 MPH) Per Meulengracht to second
|
Batting: RHB Kevin Howard
|
0-0: Ball 1-0: Called Strike 1-1: Foul Ball, location: 2F 1-2: Foul Ball, location: 2F 1-2: Fly out, F3 (Popup, 3SF, EV 71.2 MPH)
|
Top of the 3rd over - 0 runs, 2 hits, 0 errors, 2 left on base; San Diego 0 - Arizona 4 |
BOTTOM OF THE 3RD |
Arizona Diamondbacks batting - Pitching for San Diego Padres : RHP Adam Thompson
|
Batting: SHB Alec Thorpe
|
0-0: Called Strike 0-1: Foul Ball, location: 2F 0-2: Foul Ball, location: 2F 0-2: Foul Ball, location: 2F 0-2: Ball 1-2: Ball 2-2: Ball 3-2: Foul Ball, location: 2F 3-2: Foul Ball, location: 2F 3-2: SOLO HOME RUN (Flyball, 78XD, EV 105.6 MPH), Distance : 424 ft
|
Batting: LHB Eric Klasek
|
0-0: Called Strike 0-1: Foul Ball, location: 2F 0-2: Fly out, F7 (Flyball, 7LD, EV 85.0 MPH)
|
Batting: SHB Perry Tuckfard
|
0-0: Ball 1-0: Swinging Strike 1-1: Foul Ball, location: 2F 1-2: Ball 2-2: Strikes out swinging
|
Batting: LHB Jeff Densmore
|
0-0: Swinging Strike 0-1: Foul Ball, location: 2F 0-2: Ball 1-2: Strikes out swinging
|
Bottom of the 3rd over - 1 run, 1 hit, 0 errors, 0 left on base; San Diego 0 - Arizona 5 |
TOP OF THE 4TH |
San Diego Padres batting - Pitching for Arizona Diamondbacks : LHP Murphy Quirk
|
Batting: LHB Ryan Flynn Jr.
|
0-0: Ball 1-0: Ball 2-0: Called Strike 2-1: SINGLE (Groundball, 4MS, EV 71.2 MPH) (infield hit)
|
Batting: RHB Jorge Severiano
|
0-0: Swinging Strike 0-1: Ball 1-1: Foul Ball, location: 2F 1-2: Strikes out swinging
|
Batting: RHB Carlos Reyes
|
0-0: Called Strike 0-1: Foul Ball, location: 2F 0-2: Ball Ryan Flynn Jr. steals 2nd base (no throw) 1-2: Strikes out looking
|
Batting: RHB Alois Wollf
|
0-0: Fly out, F8 (Line Drive, 8LM, EV 95.0 MPH)
|
Top of the 4th over - 0 runs, 1 hit, 0 errors, 1 left on base; San Diego 0 - Arizona 5 |
BOTTOM OF THE 4TH |
Arizona Diamondbacks batting - Pitching for San Diego Padres : RHP Adam Thompson
|
Batting: SHB Andrew Wray II
|
0-0: Called Strike 0-1: Swinging Strike 0-2: Strikes out swinging
|
Batting: SHB Aldo Questi
|
0-0: Ball 1-0: Ball 2-0: Ball 3-0: Called Strike 3-1: Foul Ball, location: 2F 3-2: DOUBLE (Line Drive, 7LS, EV 101.9 MPH)
|
Batting: RHB Katilimomi Kelekolio
|
0-0: Ground out 5-3 (Groundball, 5L, EV 83.1 MPH)
|
Batting: LHB Roy Steigerwald
|
0-0: Called Strike 0-1: DOUBLE (Line Drive, 78M, EV 105.6 MPH) Aldo Questi scores
|
Pitching: RHP Mike Torres
|
|
Batting: RHB David Price Jr.
|
0-0: Called Strike 0-1: Foul Ball, location: 2F 0-2: Strikes out swinging
|
Bottom of the 4th over - 1 run, 2 hits, 0 errors, 1 left on base; San Diego 0 - Arizona 6 |
TOP OF THE 5TH |
San Diego Padres batting - Pitching for Arizona Diamondbacks : LHP Murphy Quirk
|
Batting: LHB Per Meulengracht
|
0-0: Called Strike 0-1: Called Strike 0-2: Ball 1-2: Ball 2-2: Strikes out swinging
|
Batting: SHB Jerry Luckwell
|
0-0: Called Strike 0-1: Ball 1-1: Ball 2-1: Foul Ball, location: 2F 2-2: SINGLE (Groundball, 6MD, EV 95.0 MPH)
|
Batting: RHB Chiel Palstermans
|
0-0: Called Strike 0-1: Ball 1-1: Ball 2-1: Ball 3-1: Base on Balls Jerry Luckwell to second
|
Batting: LHB Mike Holt
|
0-0: Called Strike 0-1: Fly out, F8 (Flyball, 8LD, EV 83.8 MPH) Runner from 2nd tags up, SAFE at 3rd, no throw by CF
|
Batting: RHB Kevin Howard
|
0-0: Ball 1-0: Swinging Strike 1-1: Ball 2-1: Fly out, F3 (Popup, 3F, EV 63.1 MPH)
|
Top of the 5th over - 0 runs, 1 hit, 0 errors, 2 left on base; San Diego 0 - Arizona 6 |
BOTTOM OF THE 5TH |
Arizona Diamondbacks batting - Pitching for San Diego Padres : RHP Mike Torres
|
Batting: SHB Alec Thorpe
|
0-0: Foul Ball, location: 2F 0-1: Ball 1-1: Called Strike 1-2: Ball 2-2: Foul Ball, location: 2F 2-2: Strikes out swinging
|
Batting: LHB Eric Klasek
|
0-0: Ball 1-0: Ground out 4-3 (Groundball, 4, EV 81.2 MPH)
|
Batting: SHB Perry Tuckfard
|
0-0: Ball 1-0: Ground out 1-3 (Groundball, 13S, EV 64.4 MPH)
|
Bottom of the 5th over - 0 runs, 0 hits, 0 errors, 0 left on base; San Diego 0 - Arizona 6 |
TOP OF THE 6TH |
San Diego Padres batting - Pitching for Arizona Diamondbacks : LHP Murphy Quirk
|
Batting: LHB Ryan Flynn Jr.
|
0-0: Ball 1-0: Swinging Strike 1-1: Reached on error, E4 (Groundball, 4, EV 91.2 MPH)
|
Batting: RHB Jorge Severiano
|
0-0: Called Strike 0-1: Called Strike Ryan Flynn Jr. steals 2nd base 0-2: Strikes out swinging
|
Batting: RHB Carlos Reyes
|
0-0: Hit by Pitch
|
Batting: RHB Alois Wollf
|
0-0: DOUBLE (Flyball, 78D, EV 87.5 MPH) Ryan Flynn Jr. scores Carlos Reyes to third
|
Batting: LHB Per Meulengracht
|
0-0: Swinging Strike 0-1: Ball 1-1: Called Strike 1-2: Ball 2-2: Strikes out swinging
|
Pitching: LHP John Salzmann
|
|
Batting: SHB Jerry Luckwell
|
0-0: Called Strike 0-1: 3-RUN HOME RUN (Flyball, 7D, EV 95.6 MPH), Distance : 372 ft
|
Batting: RHB Chiel Palstermans
|
0-0: Ball 1-0: Foul Ball, location: 2F 1-1: Ball 2-1: Swinging Strike 2-2: Ball 3-2: Fly out, F9 (Flyball, 9LD, EV 77.5 MPH)
|
Top of the 6th over - 4 runs, 2 hits, 1 error, 0 left on base; San Diego 4 - Arizona 6 |
BOTTOM OF THE 6TH |
Arizona Diamondbacks batting - Pitching for San Diego Padres : RHP Mike Torres
|
Batting: LHB Jeff Densmore
|
0-0: Called Strike 0-1: Ball 1-1: Foul Ball, location: 2F 1-2: Strikes out swinging
|
Batting: SHB Andrew Wray II
|
0-0: Ball 1-0: Ball 2-0: Foul Ball, location: 2F 2-1: Called Strike 2-2: Foul Ball, location: 2F 2-2: Ball 3-2: Base on Balls
|
Batting: SHB Aldo Questi
|
0-0: Foul Ball, location: 2F 0-1: Fly out, F7 (Flyball, 78M, EV 90.6 MPH)
|
Batting: RHB Katilimomi Kelekolio
|
0-0: Ball 1-0: Ball 2-0: Ball 3-0: Called Strike 3-1: Foul Ball, location: 2F 3-2: Strikes out swinging
|
Bottom of the 6th over - 0 runs, 0 hits, 0 errors, 1 left on base; San Diego 4 - Arizona 6 |
TOP OF THE 7TH |
San Diego Padres batting - Pitching for Arizona Diamondbacks : LHP John Salzmann
|
Batting: LHB Mike Holt
|
0-0: Ball 1-0: Ball 2-0: Reached on error, E7 (Flyball, 7LM, EV 91.9 MPH)
|
Batting: RHB Kevin Howard
|
0-0: Foul Ball, location: 2F 0-1: Ball 1-1: Ball 2-1: Foul Ball, location: 2F 2-2: Foul Ball, location: 2F 2-2: Ball 3-2: Fly out, F8 (Flyball, 8LXD, EV 97.5 MPH)
|
Batting: LHB Ryan Flynn Jr.
|
0-0: Ball 1-0: Called Strike 1-1: SINGLE (Groundball, 13, EV 77.5 MPH) (infield hit) Mike Holt to second
|
Pitching: RHP Willie Nieto
|
|
Batting: RHB Jorge Severiano
|
0-0: Ball 1-0: Called Strike 1-1: Called Strike 1-2: Ball 2-2: Strikes out swinging
|
Batting: LHB Aaron LeBlanc
|
0-0: Ball 1-0: Foul Ball, location: 2F 1-1: Ball 2-1: Called Strike 2-2: 3-RUN HOME RUN (Flyball, 89XD, EV 103.8 MPH), Distance : 390 ft
|
Batting: RHB Alois Wollf
|
0-0: Called Strike 0-1: Ball 1-1: Ball 2-1: Ball 3-1: Called Strike 3-2: Base on Balls
|
Pitching: LHP Mario Valdivia
|
|
Batting: LHB Per Meulengracht
|
0-0: Ball 1-0: Ball 2-0: Called Strike 2-1: Ball 3-1: Foul Ball, location: 2F 3-2: Foul Ball, location: 2F 3-2: Strikes out looking
|
Top of the 7th over - 3 runs, 2 hits, 1 error, 1 left on base; San Diego 7 - Arizona 6 |
BOTTOM OF THE 7TH |
Arizona Diamondbacks batting - Pitching for San Diego Padres : RHP Mike Torres
|
Pitching: RHP Raul Almonte
|
|
Batting: LHB Roy Steigerwald
|
0-0: Called Strike 0-1: Called Strike 0-2: Ground out 6-3 (Groundball, 6, EV 86.2 MPH)
|
Batting: RHB David Price Jr.
|
0-0: Foul Ball, location: 2F 0-1: Swinging Strike 0-2: Strikes out swinging
|
Batting: SHB Alec Thorpe
|
0-0: Ball 1-0: Ball 2-0: Ground out 5-3 (Groundball, 5, EV 88.1 MPH)
|
Bottom of the 7th over - 0 runs, 0 hits, 0 errors, 0 left on base; San Diego 7 - Arizona 6 |
TOP OF THE 8TH |
San Diego Padres batting - Pitching for Arizona Diamondbacks : LHP Mario Valdivia
|
Batting: SHB Jerry Luckwell
|
0-0: Called Strike 0-1: SINGLE (Line Drive, 8RM, EV 90.0 MPH)
|
Batting: RHB Chiel Palstermans
|
0-0: Ball Jerry Luckwell steals 2nd base 1-0: Intentional Walk
|
Batting: LHB Mike Holt
|
0-0: Ball 1-0: Called Strike 1-1: Ball 2-1: Ball 3-1: Fly out, F7 (Line Drive, 7S, EV 103.8 MPH)
|
Batting: RHB Kevin Howard
|
0-0: Called Strike 0-1: Ball 1-1: Called Strike 1-2: Ball 2-2: Ball 3-2: 3-RUN HOME RUN (Flyball, 89XD, EV 99.4 MPH), Distance : 394 ft
|
Pitching: RHP Larry Mathieu
|
|
Batting: LHB Ryan Flynn Jr.
|
0-0: Ball 1-0: Called Strike 1-1: Swinging Strike 1-2: Foul Ball, location: 2F 1-2: Foul Ball, location: 2F 1-2: Strikes out swinging
|
Batting: RHB Jorge Severiano
|
0-0: Ball 1-0: Ball 2-0: Ball 3-0: Base on Balls
|
Batting: LHB Aaron LeBlanc
|
0-0: Called Strike 0-1: Ball 1-1: Ball 2-1: Foul Ball, location: 2F 2-2: Foul Ball, location: 2F 2-2: Fly out, F7 (Flyball, 7S, EV 87.5 MPH)
|
Top of the 8th over - 3 runs, 2 hits, 0 errors, 1 left on base; San Diego 10 - Arizona 6 |
BOTTOM OF THE 8TH |
Arizona Diamondbacks batting - Pitching for San Diego Padres : RHP Raul Almonte
|
Batting: LHB Eric Klasek
|
0-0: Called Strike 0-1: Fly out, F7 (Line Drive, 7, EV 95.0 MPH)
|
Batting: SHB Perry Tuckfard
|
0-0: Called Strike 0-1: Ground out 6-3 (Groundball, 6, EV 88.1 MPH)
|
Batting: LHB Jeff Densmore
|
0-0: Ball 1-0: Swinging Strike 1-1: Swinging Strike 1-2: SINGLE (Groundball, 3D, EV 94.4 MPH)
|
Batting: SHB Andrew Wray II
|
0-0: Foul Ball, location: 2F 0-1: SINGLE (Line Drive, 78S, EV 87.5 MPH) Jeff Densmore to second Runner from 2nd tries for 3rd, SAFE, throw by CF made to third
|
Batting: SHB Aldo Questi
|
0-0: Ball 1-0: Ball 2-0: Ball Balk! Jeff Densmore scores Andrew Wray II to second 3-0: Base on Balls
|
Batting: RHB Katilimomi Kelekolio
|
0-0: Ball 1-0: Called Strike 1-1: SINGLE (Groundball, 3S, EV 70.0 MPH) (infield hit) Andrew Wray II to third Aldo Questi to second
|
Batting: LHB Roy Steigerwald
|
0-0: Ball 1-0: Ball 2-0: Ball 3-0: Base on Balls Andrew Wray II scores Aldo Questi to third Katilimomi Kelekolio to second
|
Pitching: RHP Jack Overbeek
|
|
Batting: RHB David Price Jr.
|
0-0: Called Strike 0-1: Swinging Strike 0-2: Foul Ball, location: 2F 0-2: Ball 1-2: Foul Ball, location: 2F 1-2: Strikes out swinging
|
Bottom of the 8th over - 2 runs, 3 hits, 0 errors, 3 left on base; San Diego 10 - Arizona 8 |
TOP OF THE 9TH |
San Diego Padres batting - Pitching for Arizona Diamondbacks : RHP Larry Mathieu
|
Pitching: RHP André Gaillard
|
|
Batting: RHB Alois Wollf
|
0-0: Called Strike 0-1: Fly out, F8 (Flyball, 8RD, EV 98.1 MPH)
|
Batting: LHB Per Meulengracht
|
0-0: Ball 1-0: Ball 2-0: Ball 3-0: Called Strike 3-1: Swinging Strike 3-2: Ground out 6-3 (Groundball, 6MS, EV 70.6 MPH)
|
Batting: SHB Jerry Luckwell
|
0-0: Ground out 6-3 (Groundball, 4MS, EV 78.1 MPH)
|
Top of the 9th over - 0 runs, 0 hits, 0 errors, 0 left on base; San Diego 10 - Arizona 8 |
BOTTOM OF THE 9TH |
Arizona Diamondbacks batting - Pitching for San Diego Padres : RHP Jack Overbeek
|
Batting: SHB Alec Thorpe
|
0-0: Ground out 5-3 (Groundball, 56, EV 86.9 MPH)
|
Batting: LHB Eric Klasek
|
0-0: Called Strike 0-1: Foul Ball, location: 2F 0-2: Strikes out swinging
|
Batting: SHB Perry Tuckfard
|
0-0: Ball 1-0: Fly out, F7 (Flyball, 7LM, EV 90.6 MPH)
|
Bottom of the 9th over - 0 runs, 0 hits, 0 errors, 0 left on base; San Diego 10 - Arizona 8 |
|